 Dungeon Crawl Stone Soup version 0.29.1-15-g9cfb28693d (webtiles) character file.

Game seed: 4692790933718112410

232247 MacCMillion the Convoker (level 18, -22/88 HPs)
             Began as a Felid Summoner on Mar 15, 2023.
             Was an Initiate of Gozag.
             Killed from afar by Nikola (82 damage)
             ... with an arc of chain lightning
             ... on level 3 of the Vaults.
             The game lasted 03:45:17 (82710 turns).

MacCMillion the Convoker (Felid Summoner)          Turns: 82710, Time: 03:45:18

Health: -22/88     AC: 17    Str:  6    XL:     18   Next: 38%
Magic:  26/46      EV: 44    Int: 22    God:    Gozag
Gold:   2527       SH:  0    Dex: 23    Spells: 5/46 levels left
                                        Lives:  0   Deaths: 4

rFire   . . .      SeeInvis +   (weapon unavailable)
rCold   + . .      Faith    .   (shield unavailable)
rNeg    + . .      Spirit   .   (body armour unavailable)
rPois   ∞          Reflect  .   (helmet unavailable)
rElec   +          Harm     .   (cloak unavailable)
rCorr   .          Rampage  .   (gloves unavailable)
Will    +++..                   (boots unavailable)
Stlth   +++.......              Q - amulet "Xeumit" {RegenMP rC+ rN+ Slay-2}
HPRegen 0.24/turn               C - ring of magical power
MPRegen 0.70/turn               s - ring of Qytep {rElec Will+ Str+2 Dex+6}

@: storm-form, forested, gold aura, flying, studying 2 skills
A: cleaving, insubstantial, flying, very small, (claws 1), (fangs 3), see
invisible, (speed 1), (shaggy fur 3), (stealthy paws), no weapons or thrown
items, no armour, multi-lived, (iridescent scales 1), dopey 1
}: 2/15 runes: serpentine, barnacled
a: Blinkbolt, End Transformation, Renounce Religion, Potion Petition, Call
Merchant, Bribe Branch


You were on level 3 of the Vaults.
You worshipped Gozag.
Gozag was most pleased with you.
You were a lightning-filled tempest!
You visited 8 branches of the dungeon, and saw 37 of its levels.
You visited the Abyss 1 time.
You also visited: Trove.

You collected 14472 gold pieces.
You spent 5194 gold pieces at shops.
You paid 6751 gold pieces to Gozag.

Inventory:

Jewellery
 a - the ring "Piadgh" {Fly rF+++ rC- EV+4 Dex-4}
   (You took it off a deep elf blademaster on level 3 of the Elven Halls)

   [ring of evasion]

   EV:        It affects your evasion (+4).
   Dex:       It affects your dexterity (-4).
   rF:        It renders you almost immune to fire.
   rC:        It makes you vulnerable to cold.
   Fly:       It grants you flight.
 s - the ring of Qytep (right paw) {rElec Will+ Str+2 Dex+6}
   (You bought it in a shop on level 6 of the Dungeon)

   [ring of dexterity]

   Str:       It affects your strength (+2).
   Dex:       It affects your dexterity (+6).
   rElec:     It insulates you from electricity.
   Will:      It increases your willpower.
 w - the ring of the Tortoise {AC+8}
   (You took it off a deep elf high priest on level 3 of the Elven Halls)

   [ring of protection]

   AC:        It affects your AC (+8).
 y - a +4 ring of evasion
 C - a ring of magical power (left paw)
 G - the ring "Leqoqeo" {rCorr Str+6 SInv}
   (You found it in a treasure trove)

   [ring of strength]

   Str:       It affects your strength (+6).
   SInv:      It lets you see invisible.
   rCorr:     It protects you from acid and corrosion.
 H - a ring of positive energy
 L - a ring of fire
 N - a +4 ring of evasion
 P - an amulet of magic regeneration
 Q - the amulet "Xeumit" (around neck) {RegenMP rC+ rN+ Slay-2}
   (You bought it in a shop on level 6 of the Dungeon)

   [amulet of magic regeneration]

   It increases your rate of magic regeneration.
   Slay:      It affects your accuracy & damage with ranged weapons and melee
   (-2).
   rC:        It protects you from cold.
   rN:        It protects you from negative energy.
 T - a ring of resist corrosion
 V - a +6 ring of dexterity
 Z - a +4 ring of evasion
Wands
 p - a wand of digging (7)
 r - a wand of flame (73)
 v - a wand of mindburst (33)
 F - a wand of charming (26)
 J - a wand of acid (20)
 U - a wand of iceblast (15)
 Y - a wand of polymorph (2)
Scrolls
 c - 6 scrolls of magic mapping
 d - 12 scrolls of vulnerability
 h - 2 scrolls of summoning
 j - a scroll of amnesia
 l - 5 scrolls of fear
 o - 2 scrolls of torment
 t - 7 scrolls of noise
 u - 14 scrolls of teleportation
 A - a scroll of silence
 B - 8 scrolls of poison
 D - 7 scrolls of fog
 K - 4 scrolls of immolation
 S - 2 scrolls of blinking
 X - 15 scrolls of identify
Potions
 e - 4 potions of brilliance
 f - 6 potions of degeneration
 g - 20 potions of curing
 i - 8 potions of might
 k - 9 potions of haste
 m - 14 potions of heal wounds
 n - 8 potions of attraction
 q - 2 potions of invisibility
 x - 4 potions of magic
 z - 5 potions of lignification
 I - 3 potions of mutation
 M - a potion of cancellation
 O - 4 potions of ambrosia
 R - 8 potions of flight
 W - 4 potions of berserk rage
Miscellaneous
 b - a box of beasts
 E - a phial of floods


   Skills:
 - Level 14.8 Fighting
 - Level 19.1 Dodging
 - Level 2.6 Stealth
 + Level 14.5 Spellcasting
 - Level 6.0 Hexes
 - Level 20.0 Summonings
 - Level 12.0 Translocations
 - Level 16.0 Transmutations
 - Level 16.0 Air Magic


You had 5 spell levels left.
You knew the following spells:

 Your Spells              Type           Power      Damage    Failure   Level
a - Malign Gateway        Summ/Tloc      36%        N/A       4%          7
d - Summon Lightning Spi  Summ/Air       76%        N/A       1%          4
e - Summon Cactus Giant   Summ           40%        N/A       1%          6
f - Storm Form            Tmut/Air       36%        N/A       4%          7
g - Summon Hydra          Summ           40%        N/A       1%          7
h - Summon Mana Viper     Hex/Summ       65%        N/A       1%          5
i - Summon Forest         Summ/Tloc      36%        N/A       1%          5

Your spell library contained the following spells:

 Spells                   Type           Power      Damage    Failure   Level
 Summon Small Mammal      Summ           100%       N/A       0%          1
 Call Imp                 Summ           81%        N/A       0%          2
 Call Canine Familiar     Summ           81%        N/A       0%          3
 Swiftness                Air            72%        N/A       0%          3
 Apportation              Tloc           100%       N/A       1%          1
 Ensorcelled Hibernation  Hex/Ice        58%        N/A       1%          2
 Passwall                 Tmut/Erth      41%        N/A       1%          2
 Poisonous Vapours        Pois/Air       100%       N/A       1%          2
 Gell's Gravitas          Tloc           62%        N/A       1%          3
 Lesser Beckoning         Tloc           62%        N/A       1%          3
 Mephitic Cloud           Conj/Pois/Air  39%        N/A       1%          3
 Summon Guardian Golem    Hex/Summ       65%        N/A       1%          3
 Teleport Other           Tloc           62%        N/A       1%          3
 Airstrike                Air            36%        2d(6-22)  1%          4
 Petrify                  Tmut/Erth      50%        N/A       1%          4
 Summon Ice Beast         Ice/Summ       56%        N/A       1%          4
 Blade Hands              Tmut           36%        N/A       1%          5
 Foxfire                  Conj/Fire      60%        2x1d7     3%          1
 Freeze                   Ice            60%        1d8       3%          1
 Magic Dart               Conj           60%        1d6       3%          1
 Necrotise                Necr           60%        1d7       3%          1
 Sandblast                Erth           30%        2d9       3%          1
 Cause Fear               Hex            21%        N/A       3%          4
 Alistair's Intoxication  Tmut/Pois      33%        N/A       4%          5
 Irradiate                Conj/Tmut      25%        3d20      4%          5
 Lightning Bolt           Conj/Air       25%        1d41      4%          5
 Sublimation of Blood     Necr           15%        N/A       6%          2
 Anguish                  Hex/Necr       14%        N/A       11%         4
 Conjure Flame            Conj/Fire      15%        6-21      12%         3
 Frozen Ramparts          Ice            30%        1d5       12%         3
 Stone Arrow              Conj/Erth      30%        3d8       12%         3
 Dispel Undead            Necr           15%        3d10      36%         4
 Hailstorm                Conj/Ice       15%        3d5       36%         4
 Olgreb's Toxic Radiance  Pois           15%        N/A       36%         4
 Sticky Flame             Conj/Fire      15%        2d4       36%         4
 Borgnjor's Vile Clutch   Necr/Erth      7%         N/A       71%         5
 Fireball                 Conj/Fire      7%         3d5       71%         5
 Monstrous Menagerie      Summ           40%        N/A       1%          7
 Dragon Form              Tmut           36%        N/A       4%          7
 Conjure Ball Lightning   Conj/Air       25%        3x3d7     22%         6
 Eringya's Noxious Bog    Tmut/Pois      25%        N/A       22%         6
 Maxwell's Capacitive Co  Air            36%        ∞         34%         8
 Dragon's Call            Summ           40%        N/A       71%         9
 Enfeeble                 Hex            21%        N/A       95%         7
 Death Channel            Necr           7%         N/A       99%         6
 Iron Shot                Conj/Erth      7%         9d2       99%         6
 Ozocubu's Refrigeration  Ice            7%         4d9       100%        7
 Ignition                 Fire           7%         3d5       100%        8
 Lehudib's Crystal Spear  Conj/Erth      7%         10d3      100%        8
 Animate Armour           Summ/Erth      Unusable   N/A       N/A         4
 Corpse Rot               Necr/Pois/Air  Unusable   N/A       N/A         4

Dungeon Overview and Level Annotations

Branches:
Dungeon (15/15)            Temple (1/1) D:7            Lair (5/5) D:11
 Shoals (4/4) Lair:3        Snake (4/4) Lair:2        Slime (0/5) Lair:5
    Orc (2/2) D:9             Elf (3/3) Orc:2        Vaults (3/5) D:13
  Crypt (0/3) Vaults:2     Depths (0/4) D:15

Altars:
Ashenzari
Cheibriados
Dithmenos
Gozag
Hepliaklqana
Nemelex Xobeh
Qazlal
Ru
Sif Muna
Trog
Uskayaw
Vehumet
Yredelemnul
Zin
The Shining One
Jiyva
Lugonu

Shops:
D:3 [   D:4 *   D:6 =*   D:7 [(**   D:9 !   D:11 ?(   Orc:2 ?(=*[   Elf:1 :
Lair:1 =   Shoals:1 (   Snake:1 *:=:   Snake:3 :*   Vaults:1 *   Vaults:2 :::
Vaults:3 (

Portals:
Abyss: Shoals:4

Annotations:
D:3 Sigmund
D:12 3 runed translucent doors, ripuliukko's ghost, journeyman GrEE
D:15 Azrael
Lair:2 2 transporters, crompyre's ghost, journeyman DjFE
Lair:4 Nessos
Shoals:4 1 runed translucent door
Elf:2 5 runed translucent doors
Vaults:3 Nikola


Innate Abilities, Weirdness & Mutations

You are a lightning-filled tempest!
Your electrical attacks strike out in all directions at once.
You are incredibly evasive.
Your insubstantial body is immune to petrification, constriction, and being set on fire You are flying.
You are immune to poison.
((You have sharp claws.))
((You have razor-sharp teeth.))
You have supernaturally acute eyesight. (SInv)
((You cover ground quickly. (Speed+)))
((Your thick and shaggy fur keeps you warm. (AC +3, rC+)))
((Your paws help you pounce on unaware monsters.))
You are incapable of wielding weapons or throwing items.
You cannot wear armour.
You gain extra lives every three experience levels.
((You are partially covered in iridescent scales. (AC +2)))
You are dopey. (Int -2)


Message History

You swap places.
Found a scroll of identify.
Nikola is hit by a branch!
Nikola hits you with a +0 rapier of electrocution!
Found an escape hatch in the floor.
Nikola is hit by a branch!
The forest calms down.
Your dryad hits Nikola but does no damage.
Casting: Summon Mana Viper (dangerous; 1% risk of failure)
Confirm with . or Enter, or press ? or * to list all spells.
A mana viper appears with a sibilant hiss.
Your mana viper disappears in a puff of smoke!
Nikola is distracted by your dazzling golden aura.
The deep troll bites your mana viper.
The deep troll closely misses your mana viper.
The deep troll completely misses your mana viper.
Your dryad completely misses Nikola.
Nikola shouts!
You hit Nikola but do no damage.
Nikola is no longer distracted by gold.
Nikola is severely wounded.
Your mana viper bites the deep troll.
The deep troll bites your mana viper. The deep troll claws your mana viper!
The deep troll misses your mana viper. Nikola hits you but does no damage.
Your dryad calls out to the forest.
Vines fly forth from the trees!
You buffet Nikola!
Nikola is severely wounded.
Your mana viper closely misses the deep troll.
Nikola gestures wildly while chanting.
Nikola blinks!
The deep troll bites your mana viper.
The deep troll barely misses your mana viper.
The deep troll claws your mana viper.
You hit Nikola.
Nikola is severely wounded.
Your snaplasher vine grabs the deep troll.
Your snaplasher vine hits the deep troll.
Your snaplasher vine constricts the deep troll.
Nikola gestures wildly while chanting.
Lightning arcs from Nikola's hands!
The bolt of lightning hits you!!!! You resist.
Ouch! That really hurt!
You die...
Your body crumbles into a pile of gold. ############################ ....~...─♣^.@............... ..♣≈≈≈~w..Rv................ ..~~~≈~.###$♣#♣#............ ..~~~.~.♣ STw*

#............
...~....♣....[.'............
........#......#............
♣.......#>.♣...#............
#........♣.. ...#............
#........♣.. .?.#..######'##.
#........########..#.......#.


You could see Nikola (ally target), a deep troll (distracted, ally target), a
friendly dryad (summoned), a friendly mana viper (summoned) and 2 friendly
snaplasher vines.

Vanquished Creatures
  A deep elf master archer (Elf:3)
  3 deep elf sorcerers (Elf:3)
  An ironbound thunderhulk (Vaults:1)
  2 deep elf demonologists (Elf:3)
  A deep elf death mage (Elf:3)
  A merfolk javelineer (Shoals:4)
  A yaktaur captain (Vaults:3)
  A vault guard (Vaults:3)
  4 centaur warriors
  A merfolk aquamancer (Shoals:4)
  An ironbound frostheart (Vaults:3)
  A satyr (Shoals:4)
  4 dancing weapons
  A sea snake (Shoals:4)
  2 deep trolls
  A shadow demon (Elf:2)
  6 harpies
  4 deep elf zephyrmancers
  12 deep elf pyromancers
  An ironbound convoker (Vaults:1)
  An orc knight (Vaults:2)
  5 fauns (Shoals:3)
  2 ugly things (Vaults:1)
  4 manticores
  4 merfolk sirens (Shoals:4)
  A water nymph (Shoals:4)
  2 apocalypse crabs (Shoals:4)
  2 vault sentinels (Vaults:3)
  2 kobold demonologists (Elf:2)
  8 yaktaurs
  6 merfolk
  2 wind drakes
  A snapping turtle (Shoals:2)
  A water elemental (Shoals:3)
  9 nameless horrors
  A hell hound (D:15)
  2 boggarts (Elf:2)
  2 centaurs
  5 electric eels
  An orc wizard (Orc:2)
  A bat (D:1)
  2 bushes (Abyss:3)
113 creatures vanquished.

Vanquished Creatures (collateral kills)
  A bone dragon (Vaults:2)
  Zenata (Elf:2)
  3 deep elf master archers (Elf:3)
  4 deep elf blademasters (Elf:3)
  Asterion (Snake:3)
  2 quicksilver dragons (Snake:4)
  Agnes (D:14)
  6 nagarajas
  A frost giant (Vaults:2)
  A deep elf sorcerer (Elf:3)
  2 orc warlords
  7 vault wardens
  8 ironbound preservers
  2 deep elf elementalists
  3 ironbound thunderhulks
  7 deep elf annihilators
  8 dire elephants
  A deep elf demonologist (Elf:3)
  A red draconian (Abyss:3)
  A mummy priest (Elf:2)
  4 deep elf death magi
  3 merfolk javelineers (Shoals:4)
  2 crystal guardians (Vaults:1)
  An ettin (Vaults:3)
  2 deep elf high priests (Elf:3)
  5 yaktaur captains
  Josephine (D:13)
  2 salamander tyrants
  3 merfolk impalers
  A peacekeeper (Vaults:1)
  2 hydras
  3 great orbs of eyes
  18 vault guards
  2 boulder beetles
  2 merfolk avatars
  7 anacondas
  3 ironbound frosthearts
  4 merfolk aquamancers
  4 tengu warriors (D:15)
  11 dancing weapons
  A two-headed ogre (D:7)
  4 satyrs
  9 naga warriors
  11 centaur warriors
  4 death yaks
  3 orc high priests
  Urug (D:10)
  12 naga sharpshooters
  2 shock serpents
  Nergalle (Orc:2)
  Amaemon (D:11)
  Sonja (Orc:1)
  5 deep elf knights
  A goliath frog (Lair:5)
  7 skeletal warriors (D:15)
  Lodul (D:11)
  A shadow demon (Elf:2)
  10 sea snakes
  17 ironbound convokers
  15 deep trolls
  6 naga ritualists
  5 deep elf archers
  5 orc knights
  7 lindwurms (Vaults:1)
  2 spriggan simulacra (Elf:1)
  9 ugly things
  3 wizards
  17 harpies
  12 deep elf pyromancers
  2 necromancers
  6 orc sorcerers
  15 deep elf zephyrmancers
  4 mana vipers
  11 salamanders
  13 manticores
  5 cyclopes
  9 elephants
  32 fauns
  4 centaur zombies (D:12)
  Maurice (D:8)
  9 vault sentinels
  6 water nymphs
  41 black mambas
  5 merfolk sirens
  5 guardian serpents
  10 naga magi
  A torpor snail (Lair:3)
  18 cane toads
  A yaktaur zombie (Vaults:2)
  An orange demon (D:11)
  2 centaur skeletons (D:15)
  A rime drake (Lair:4)
  4 komodo dragons
  Maggie (D:10)
  11 yaktaurs
  A yaktaur skeleton (Vaults:2)
  2 tyrant leeches (Lair:5)
  4 trolls
  28 merfolk
  2 meliai (D:13)
  4 wind drakes
  A troll (shapeshifter) (D:15)
  32 slime creatures
  7 snapping turtles
  19 blink frogs
  11 dream sheep
  A dire elephant simulacrum (Elf:1)
  2 air elementals (Elf:3)
  An ettin skeleton (Vaults:2)
  8 water elementals
  4 nameless horrors
  3 wyverns
  A yak (shapeshifter) (D:14)
  7 wraiths
  5 fire elementals
  27 yaks
  2 steam dragons
  8 vampire mosquitoes
  Menkaure (D:7)
  2 wargs
  2 minotaur simulacra (Elf:1)
  20 nagas
  3 acid dragons
  2 hell hounds (D:15)
  A human simulacrum (Vaults:2)
  7 water moccasins
  An ice beast (D:4)
  A black bear (Lair:2)
  A meliai simulacrum (D:15)
  22 orc warriors
  2 sky beasts
  An alligator simulacrum (Elf:1)
  12 ogres
  7 wolves
  3 centaurs
  2 phantoms (D:4)
  A deep troll simulacrum (Elf:1)
  16 bullfrogs
  5 necrophages
  4 earth elementals
  4 scorpions
  A glowing shapeshifter simulacrum (Vaults:2)
  10 wights
  8 killer bees
  A lindwurm simulacrum (Elf:1)
  An electric eel (Snake:3)
  5 howler monkeys
  7 hounds
  17 orc priests
  2 jellies (D:7)
  3 iguanas
  21 orc wizards
  7 gnolls
  8 adders
  2 shadow imps
  2 white imps
  An ufetubus (D:4)
  4 worms
  A dart slug (D:2)
  57 orcs
  5 bats
  14 endoplasms
  A giant cockroach (D:3)
  5 hobgoblins
  6 jackals
  4 ball pythons
  9 goblins
  5 kobolds
  9 rats
1048 creatures vanquished.

Vanquished Creatures (others)
  Jorgrun (Orc:2)
  An eldritch tentacle (Vaults:3)
  Snorg (D:11)
  3 hydras
  2 two-headed ogres
  2 centaur warriors
  2 death yaks
  8 skeletal warriors
  A wolf spider zombie (D:12)
  A wizard (Vaults:1)
  Pikel (D:4)
  3 elephants
  A cyclops (Orc:1)
  A centaur zombie (D:12)
  2 black mambas
  A torpor snail (Lair:1)
  A gargoyle (D:11)
  4 cane toads
  3 komodo dragons
  A meliai (D:13)
  2 trolls
  2 tyrant leeches (Lair:5)
  A snapping turtle (Lair:3)
  2 dream sheep (Lair:3)
  2 blink frogs
  A wraith (D:9)
  A basilisk (Lair:3)
  19 yaks
  Grum (D:8)
  A steam dragon (D:7)
  A vampire mosquito (D:13)
  A warg (Orc:2)
  2 nagas (Lair:2)
  Edmund (D:5)
  A water moccasin (Lair:4)
  An acid dragon (D:10)
  Duvessa (D:7)
  3 black bears
  10 orc warriors
  3 ogres
  2 wolves (D:8)
  A gnoll sergeant (D:5)
  Dowan (D:7)
  A killer bee (D:8)
  3 orc priests
  2 hounds (D:11)
  An orc wizard (Orc:1)
  4 orcs
  4 bushes
  2 demonic plants (Abyss:3)
  51 fungi
  393 plants
  8 snaplasher vines
  2 withered plants (D:12)
571 creatures vanquished.

Grand Total: 1732 creatures vanquished

Notes
Turn   | Place    | Note
-------+----------+-------------------------------------------
     0 | D:1      | MacCMillion the Felid Summoner began the quest for the Orb.
     0 | D:1      | Reached XP level 1. HP: 7/7 MP: 4/4
   505 | D:1      | Reached XP level 2. HP: 11/11 MP: 1/6
  1491 | D:2      | Found a faded altar of an unknown god.
  1675 | D:2      | Reached XP level 3. HP: 14/14 MP: 3/7
  1679 | D:2      | Learned a level 3 spell: Call Canine Familiar
  2496 | D:3      | Found Cabi's Antique Armour Emporium.
  2778 | D:3      | Reached skill level 5 in Summonings
  2925 | D:3      | Reached XP level 4. HP: 18/18 MP: 6/9
  3534 | D:4      | Noticed Sigmund
  3544 | D:4      | Learned a level 3 spell: Summon Guardian Golem
  4004 | D:4      | Noticed Pikel
  4004 | D:4      | Noticed a lemure
  4013 | D:4      | Noticed a necrophage
  4041 | D:4      | Killed a necrophage
  4042 | D:4      | Reached XP level 5. HP: 21/21 MP: 2/10
  4155 | D:4      | Noticed a phantom
  4212 | D:4      | Killed a phantom
  4213 | D:4      | Reached skill level 1 in Fighting
  4304 | D:4      | Gained mutation: You are covered in thick fur. (AC +2)
                  | [Felid growth]
  4304 | D:4      | Reached XP level 6. HP: 25/25 MP: 7/12
  4427 | D:4      | Noticed an ice beast
  4457 | D:4      | Killed an ice beast
  5002 | D:4      | Found Farecell's Assorted Antiques.
  5016 | D:4      | Reached XP level 7. HP: 30/30 MP: 13/13
  5045 | D:4      | Killed Pikel
  5046 | D:4      | Reached skill level 5 in Dodging
  5046 | D:4      | Reached skill level 5 in Spellcasting
  5046 | D:4      | Reached skill level 5 in Hexes
  5046 | D:4      | Reached skill level 6 in Summonings
  5163 | D:4      | Reached XP level 8. HP: 34/34 MP: 9/16
  5663 | D:5      | Entered Level 5 of the Dungeon
  5989 | D:5      | Noticed Edmund
  6034 | D:5      | Killed Edmund
  7408 | D:6      | Identified the +6 scale mail of Pasutog {rF+ rN+ Int-3
                  | Dex+3}
  7510 | D:6      | Found Ebeob Ibim's Jewellery Emporium.
  7895 | D:6      | Noticed a troll
  7903 | D:6      | Killed a troll
  7904 | D:6      | Reached skill level 7 in Summonings
  7950 | D:6      | HP: 1/36 [black bear (5)]
  8488 | D:6      | Reached XP level 9. HP: 39/39 MP: 16/19
  8494 | D:6      | Learned a level 4 spell: Summon Lightning Spire
  8546 | D:6      | Found Fidgh's Assorted Antiques.
  9722 | D:6      | Reached skill level 1 in Air Magic
 10283 | D:6      | Reached skill level 5 in Fighting
 10774 | D:7      | Found Buesees's Assorted Antiques.
 10774 | D:7      | Found Ulala's Assorted Antiques.
 11008 | D:7      | Noticed Duvessa
 11010 | D:7      | Noticed Dowan
 11031 | D:7      | Killed Duvessa
 11139 | D:7      | Killed Dowan
 11300 | D:7      | Found Tuazey's Weapon Shoppe.
 11304 | D:7      | Noticed a two-headed ogre
 11338 | D:7      | Killed a two-headed ogre
 11635 | D:7      | Noticed Menkaure
 11674 | D:7      | Killed Menkaure
 11872 | D:7      | Found a staircase to the Ecumenical Temple.
 11893 | D:7      | Found Weem's Antique Armour Boutique.
 11904 | Temple   | Entered the Ecumenical Temple
 12146 | Temple   | Became a worshipper of Gozag Ym Sagoz the Greedy
 12276 | D:7      | Reached skill level 8 in Summonings
 12425 | D:7      | Reached XP level 10. HP: 45/45 MP: 12/21
 12698 | D:7      | You fall into a shaft and drop 2 floors!
 13493 | D:8      | Noticed Maurice
 13512 | D:8      | Killed Maurice
 13513 | D:8      | Reached skill level 5 in Air Magic
 13754 | D:8      | Noticed a two-headed ogre
 13770 | D:8      | Killed a two-headed ogre
 13980 | D:8      | Found a broken altar of Ashenzari.
 14109 | D:8      | Noticed Grum
 14125 | D:8      | Killed Grum
 14897 | D:8      | Mangled by a yak
 14898 | D:8      | Reached XP level 9. HP: -8/42 MP: 21/21
 15365 | D:8      | Reached XP level 10. HP: 46/46 MP: 12/22
 16336 | D:9      | Got the Papyrus of Igneous Clay
 16736 | D:9      | Reached skill level 9 in Summonings
 16743 | D:9      | Reached skill level 10 in Dodging
 17087 | D:9      | Found a staircase to the Orcish Mines.
 17271 | D:10     | Entered Level 10 of the Dungeon
 17843 | D:10     | Noticed Urug
 17891 | D:10     | Killed Urug
 17892 | D:10     | Reached XP level 11. HP: 38/50 MP: 14/24
 17958 | D:10     | Noticed Maggie
 17974 | D:10     | Killed Maggie
 18353 | D:11     | Found a staircase to the Lair.
 18508 | D:11     | Noticed Snorg
 18520 | D:11     | Killed Snorg
 18592 | D:11     | Noticed a two-headed ogre
 18613 | D:11     | Killed a two-headed ogre
 18616 | D:11     | Noticed a seven-headed hydra
 18646 | D:11     | Killed a seven-headed hydra
 18671 | D:11     | Noticed Lodul
 18986 | D:11     | Reached skill level 10 in Summonings
 19082 | D:11     | Killed Lodul
 19215 | D:11     | Noticed Amaemon
 19324 | D:11     | Killed Amaemon
 19427 | D:11     | Found a portal to a secret trove of treasure.
 19491 | D:11     | Found Vaisevua's Antique Weapon Shoppe.
 19744 | D:4      | Bought the +3 pair of seven-league boots {Rampage+∞} for
                  | 1200 gold pieces
 19744 | D:4      | Found the +3 pair of seven-league boots {Rampage+∞}
 19936 | D:11     | You paid a toll of the seven-league boots to enter a
                  | treasure trove
 19937 | Trove    | Entered a treasure trove
 19955 | Trove    | Identified the ring "Leqoqeo" {rCorr Str+6 SInv}
 19977 | Trove    | Found the +2 Maxwell's thermic engine {flame, freeze}
 20348 | Lair:1   | Entered Level 1 of the Lair of Beasts
 20918 | Lair:1   | Noticed a death yak
 20918 | Lair:1   | Noticed a death yak
 20930 | Lair:1   | Killed a death yak
 20941 | Lair:1   | Gained mutation: Your thick and shaggy fur keeps you warm.
                  | (AC +3, rC+) [Felid growth]
 20941 | Lair:1   | Reached XP level 12. HP: 57/57 MP: 14/26
 20962 | Lair:1   | Killed a death yak
 21693 | Lair:2   | Found a staircase to the Snake Pit.
 22341 | Lair:2   | Found a transporter.
 22346 | Lair:2   | Noticed a four-headed hydra
 22353 | Lair:2   | Noticed crompyre's ghost (journeyman DjFE)
 22376 | Lair:2   | Found a transporter.
 22548 | Lair:2   | Reached skill level 10 in Spellcasting
 22870 | Lair:2   | Reached skill level 10 in Fighting
 23166 | Lair:3   | Noticed an eight-headed hydra
 23187 | Lair:3   | Killed an eight-headed hydra
 23730 | Lair:3   | You fall into a shaft and drop 1 floor!
 23778 | Lair:4   | Noticed an eight-headed hydra
 23787 | Lair:4   | Killed an eight-headed hydra
 24561 | Lair:3   | Reached XP level 13. HP: 63/63 MP: 14/28
 25134 | Lair:3   | Found a staircase to the Shoals.
 25142 | Lair:3   | Reached skill level 15 in Dodging
 26282 | Lair:4   | Identified the +9 mace "Ytwo" {spect, Fragile Str+7 SInv}
 26318 | Lair:4   | Noticed Nessos
 26770 | D:11     | Bought a scroll of identify for 36 gold pieces
 26770 | D:11     | Bought a scroll of immolation for 72 gold pieces
 26770 | D:11     | Bought a scroll of poison for 72 gold pieces
 27186 | Lair:5   | Entered Level 5 of the Lair of Beasts
 29417 | Lair:5   | Reached XP level 14. HP: 29/70 MP: 17/29
 29755 | Lair:5   | Found a staircase to the Slime Pits.
 29767 | Lair:5   | Found a viscous altar of Jiyva.
 30468 | Orc:1    | Entered Level 1 of the Orcish Mines
 31273 | Orc:1    | Noticed Sonja
 31357 | Orc:1    | Killed Sonja
 31631 | Orc:2    | Entered Level 2 of the Orcish Mines
 31657 | Orc:2    | Found a staircase to the Elven Halls.
 32533 | Orc:2    | Noticed an orc warlord
 32542 | Orc:2    | Killed an orc warlord
 32542 | Orc:2    | Noticed Nergalle
 32549 | Orc:2    | Noticed Jorgrun
 32562 | Orc:2    | Killed Nergalle
 32650 | Orc:2    | Killed Jorgrun
 33344 | Orc:2    | Found Jahomn's Antique Weapon Emporium.
 33354 | Orc:2    | Found Uthoju's General Store.
 33454 | Orc:2    | Found Rooq's Antique Armour Emporium.
 33485 | Orc:2    | Found Rymaeliru's Jewellery Emporium.
 34126 | Orc:2    | Bought a scroll of identify for 28 gold pieces
 34126 | Orc:2    | Identified a scroll of acquirement
 34127 | Orc:2    | Acquired the Papyrus of Superposition and the Comitatus
 34319 | D:12     | Learned a level 6 spell: Summon Cactus Giant
 34988 | D:12     | Found a runed translucent gate.
 34999 | D:12     | Found a runed translucent gate.
 34999 | D:12     | Found a runed translucent gate.
 35003 | D:12     | Noticed ripuliukko's ghost (journeyman GrEE)
 35008 | D:12     | Noticed a sphinx
 35108 | D:12     | Noticed a tengu reaver
 35426 | D:12     | Reached skill level 11 in Summonings
 36099 | D:13     | Noticed Josephine
 36112 | D:13     | Killed Josephine
 36873 | D:13     | Reached skill level 12 in Summonings
 36890 | D:13     | Reached XP level 15. HP: 76/76 MP: 9/30
 37381 | D:13     | Found a gate to the Vaults.
 37554 | D:13     | Reached skill level 13 in Summonings
 37668 | D:14     | Noticed Agnes
 37673 | D:14     | Killed Agnes
 39069 | D:15     | Entered Level 15 of the Dungeon
 39290 | D:15     | Reached skill level 14 in Summonings
 40345 | D:15     | Reached skill level 15 in Summonings
 40502 | D:15     | Found a staircase to the Depths.
 40749 | D:15     | Noticed Azrael
 40801 | D:14     | Learned a level 7 spell: Summon Hydra
 41509 | D:15     | Killed from afar by Azrael
 41510 | D:15     | Reached XP level 14. HP: -27/72 MP: 18/29
 41721 | D:14     | Learned a level 7 spell: Dragon Form
 41852 | Snake:1  | Entered Level 1 of the Snake Pit
 42101 | D:6      | Bought the amulet "Xeumit" {RegenMP rC+ rN+ Slay-2} for 477
                  | gold pieces
 42798 | Snake:1  | Reached skill level 16 in Summonings
 43308 | Snake:1  | Reached XP level 15. HP: 76/76 MP: 14/30
 43555 | Snake:1  | Found Irirgh's Overcharged Wands.
 43591 | Snake:1  | Found Secutun's Book Shop.
 43591 | Snake:1  | Found Zaxuid's Jewellery Shoppe.
 43592 | Snake:1  | Found Esutezxuch's Book Shop.
 43713 | Snake:1  | Reached skill level 1 in Transmutations
 44147 | Snake:2  | Noticed a nagaraja
 44159 | Snake:2  | Killed a nagaraja
 45145 | Snake:2  | Reached skill level 5 in Transmutations
 45462 | Snake:2  | Noticed a nagaraja
 45474 | Snake:2  | Killed a nagaraja
 45582 | Snake:2  | Noticed a nagaraja
 45599 | Snake:2  | Killed a nagaraja
 46529 | Snake:3  | Found Jiomuij's Vocational Training.
 47488 | Snake:3  | Found Bumpec's Assorted Antiques.
 48046 | Snake:3  | Noticed Asterion
 48056 | Snake:3  | Killed Asterion
 48530 | Snake:3  | Reached skill level 10 in Transmutations
 49431 | Snake:4  | Entered Level 4 of the Snake Pit
 50375 | Snake:4  | Noticed a nagaraja
 50376 | Snake:4  | Noticed a nagaraja
 50396 | Snake:4  | Killed a nagaraja
 50402 | Snake:4  | Killed a nagaraja
 50403 | Snake:4  | Reached XP level 16. HP: 80/80 MP: 14/31
 51417 | Snake:4  | Noticed a quicksilver dragon
 51427 | Snake:4  | Noticed a quicksilver dragon
 51435 | Snake:4  | Killed a quicksilver dragon
 51723 | Snake:4  | Killed a quicksilver dragon
 51805 | Snake:4  | Got a serpentine rune of Zot
 52050 | Shoals:1 | Entered Level 1 of the Shoals
 52251 | Snake:1  | Bought a book of the Sky for 792 gold pieces
 52251 | Snake:1  | Bought a manual of Air Magic for 1440 gold pieces
 52493 | Shoals:1 | Found Yrpheock's Antique Weapon Emporium.
 52586 | Shoals:1 | Gained mutation: Your magical capacity is low. (-10% MP)
                  | [mutagenic glow]
 52648 | Shoals:1 | Lost mutation: Your magical capacity is low. (-10% MP)
                  | [potion of mutation]
 52648 | Shoals:1 | Gained mutation: You are partially covered in iridescent
                  | scales. (AC +2) [potion of mutation]
 52648 | Shoals:1 | Gained mutation: You are dopey. (Int -2) [potion of
                  | mutation]
 53978 | Shoals:2 | Reached skill level 15 in Transmutations
 55990 | Shoals:3 | Reached XP level 17. HP: 84/84 MP: 4/32
 56061 | Shoals:3 | Identified the +0 flail "Magoschoj" {distort, Contam rF+
                  | Str-2 Dex+7}
 56513 | Shoals:4 | Entered Level 4 of the Shoals
 58583 | Shoals:4 | Identified the +1 scale mail of Spring Thaw {Int+3}
 58920 | Shoals:4 | HP: 3/126 [faun/+0 quarterstaff[a satyr] (13)]
 61974 | Shoals:4 | Got Vout's Octavo of Dark Mysteries and the Storm
 62060 | Shoals:4 | Found a runed translucent door.
 62067 | Shoals:4 | Found a corrupted altar of Lugonu.
 62067 | Shoals:4 | Found a one-way gate to the infinite horrors of the Abyss.
 62098 | Shoals:4 | Got a barnacled rune of Zot
 62852 | Elf:1    | Entered Level 1 of the Elven Halls
 63167 | Elf:1    | Found Upnin's Book Shop.
 63284 | Elf:1    | Reached skill level 10 in Air Magic
 66003 | Elf:2    | Learned a level 7 spell: Storm Form
 66299 | Elf:2    | Found a shimmering blue altar of Sif Muna.
 66326 | Elf:2    | Noticed Zenata
 67194 | Elf:2    | Reached XP level 18. HP: 88/88 MP: 12/36
 67773 | Elf:2    | Killed from afar by Zenata
 67774 | Elf:2    | Reached XP level 17. HP: -13/84 MP: 7/35
 67781 | Elf:2    | Killed Zenata
 68049 | Elf:2    | Found a huge runed translucent gate.
 68049 | Elf:2    | Found a huge runed translucent gate.
 68050 | Elf:2    | Found a huge runed translucent gate.
 68050 | Elf:2    | Found a huge runed translucent gate.
 68050 | Elf:2    | Found a huge runed translucent gate.
 68603 | Elf:2    | Got Sif Muna's Atlas of Mustering
 68608 | Elf:2    | Got the Compendium of Creation
 68893 | Elf:2    | Learned a level 5 spell: Summon Mana Viper
 68899 | Elf:2    | Learned a level 5 spell: Summon Forest
 68901 | Elf:3    | Entered Level 3 of the Elven Halls
 68972 | Elf:3    | Reached skill level 1 in Translocations
 69827 | Elf:3    | Noticed a deep elf blademaster
 69833 | Elf:3    | Killed a deep elf blademaster
 69848 | Elf:3    | Noticed a deep elf master archer
 70073 | Elf:3    | Killed a deep elf master archer
 71264 | Elf:3    | Reached skill level 5 in Translocations
 71549 | Elf:3    | Noticed a deep elf master archer
 71603 | Elf:3    | Killed a deep elf master archer
 71892 | Abyss:3  | Found a corrupted altar of Lugonu.
 71892 | Abyss:3  | Cast into level 3 of the Abyss (a deep elf demonologist)
 71948 | Abyss:3  | Found a burning altar of Makhleb.
 71951 | Elf:3    | Escaped the Abyss
 72213 | D:6      | Bought the ring of Qytep {rElec Will+ Str+2 Dex+6} for 717
                  | gold pieces
 72566 | Elf:3    | Identified the +6 scimitar "Plog" {flame, rPois Int+3}
 73185 | Elf:3    | Identified the +1 ring mail of Articulation {Str+7}
 73185 | Elf:3    | Identified the ring "Piadgh" {Fly rF+++ rC- EV+4 Dex-4}
 73185 | Elf:3    | Noticed a deep elf blademaster
 73195 | Elf:3    | Killed a deep elf blademaster
 73196 | Elf:3    | Reached skill level 15 in Air Magic
 73197 | Elf:3    | Noticed a deep elf master archer
 73205 | Elf:3    | Noticed a deep elf blademaster
 73208 | Elf:3    | HP: 4/84 [deep elf master archer/arrow (2)]
 73610 | Elf:3    | Killed a deep elf master archer
 73698 | Elf:3    | Killed a deep elf blademaster
 73777 | Elf:3    | Got the Grimoire of the Igneous Gathering
 73933 | Elf:3    | Noticed a deep elf blademaster
 73936 | Elf:3    | Noticed a deep elf master archer
 73939 | Elf:3    | Killed a deep elf blademaster
 73941 | Elf:3    | Identified the +7 battleaxe of Resourcefulness {freeze,
                  | *Noise Fly rC+}
 73944 | Elf:3    | Killed a deep elf master archer
 74021 | Elf:3    | Identified the +8 quarterstaff "Jesin" {flame, rN+}
 74023 | Elf:3    | Identified the +0 spear "Hiedwaull" {pain, rPois rCorr
                  | Int-2}
 74025 | Elf:3    | Identified the +5 mace of Okawaru's Castigation {freeze,
                  | rF+ Will+ Int+2 Dex-4}
 74031 | Elf:3    | Identified the +4 sling "Fuekluhai" {venom, rN+}
 74033 | Elf:3    | Identified the +1 robe of the Forest {rF+}
 74413 | Vaults:1 | Entered Level 1 of the Vaults
 74440 | Vaults:1 | Learned a level 7 spell: Monstrous Menagerie
 74636 | Vaults:1 | Reached XP level 18. HP: 88/88 MP: 4/36
 75037 | Vaults:1 | Found Regomoj's Assorted Antiques.
 75110 | Vaults:1 | Reached skill level 17 in Summonings
 75349 | Lair:1   | Bought a ring of magical power for 360 gold pieces
 76177 | Vaults:1 | Killed from afar by an ironbound frostheart
 76178 | Vaults:1 | Reached XP level 17. HP: -3/84 MP: 38/44
 76246 | Vaults:1 | Reached skill level 18 in Summonings
 76606 | Vaults:1 | Reached skill level 19 in Summonings
 78423 | Vaults:2 | Reached skill level 20 in Summonings
 79047 | Vaults:2 | Learned a level 7 spell: Malign Gateway
 79438 | Vaults:2 | Noticed a bone dragon
 79439 | Vaults:2 | Found a staircase to the Crypt.
 79459 | Vaults:2 | Killed a bone dragon
 79918 | Vaults:2 | Reached skill level 10 in Translocations
 80021 | Vaults:2 | Found Dug Def's Book Shoppe.
 80387 | Vaults:2 | Reached XP level 18. HP: 79/88 MP: 35/36
 81034 | Vaults:3 | Found Eguh Qia's Antique Weapon Shoppe.
 82701 | Vaults:3 | Identified the +1 pair of gloves "Forget-Me-Not" {+Inv
                  | rPois rF+ Will-}
 82701 | Vaults:3 | Noticed Nikola
 82710 | Vaults:3 | Killed from afar by Nikola

Illustrated notes

Levels and vault maps discovered:
D:1:      dpeg_arrival_connections, layout_loops_cross, due_unseen_surprise
D:2:      layout_basic, shapermc_ecumenical_altar_pompeii
D:3:      layout_loops_ring, serial_shops, nicolae_shop_crystal,
          serial_bayou_pond_b, grunt_ministairs_8
D:4:      nicolae_cairo_tiling_large_dashed, layout_basic, serial_shops, shop,
          uniq_pikel, uniq_sigmund
D:5:      layout_basic, uniq_edmund
D:6:      layout_basic, serial_shops, shop, nicolae_shop_stone
D:7:      layout_basic, minmay_temple_entry_gardened_gates, serial_shops, shop,
          shop_fountains, shop_statue, minmay_misc_feat_nine_boxes,
          hangedman_decor_peaks_small, nicolae_wooded_promenade,
          kennysheep_generic_room_12, uniq_menkaure, uniq_duvessa
D:8:      layout_basic, kennysheep_mini, hangedman_abyss_or_decor_stabs,
          uniq_maurice, uniq_grum
D:9:      layout_gridville, erik_orc_2
D:10:     layout_cave_pools, uniq_urug, uniq_maggie
D:11:     layout_loops_ring, erik_lair_island, enter_trove_3, serial_shops,
          kennysheep_little_box, minmay_misc_feat_enclosed, uniq_amaemon,
          uniq_snorg, uniq_lodul
D:12:     layout_basic, serial_undead, serial_undead_d, serial_undead_c,
          serial_undead_f, serial_undead_b, gammafunk_ghost_split
D:13:     layout_roguey, erik_vaults_2, uniq_josephine
D:14:     minmay_weird_star, layout_irregular_city, roderic_serpentine_path,
          uniq_agnes
D:15:     grunt_enter_depths_magical_seal, layout_gridville,
          minmay_strange_pillars, uniq_azrael
Temple:   mainiacjoe_temple_trianglar_array
Lair:1:   layout_cellular_growth
Lair:2:   layout_roguey, guppyfry_snake_entry_garden,
          gammafunk_ghost_berserking_beasts, infiniplex_staircase_pool
Lair:3:   layout_cave_pods, minmay_shoals_entry_hut, guppyfry_lair_drakes
Lair:4:   layout_loops_ring, serial_forest, infiniplex_forest_straight_1,
          infiniplex_forest_clump_curved, infiniplex_forest_lined_corner,
          infiniplex_forest_zigzag_2, infiniplex_forest_end_2,
          grunt_megastairs_2, uniq_nessos
Lair:5:   minmay_lair_end_frog_pond, layout_long_grid, slime_entry_1
Shoals:1: layout_shoals, serial_shops, nicolae_take_the_stairs
Shoals:2: layout_shoals, nicolae_shoals_wave_tunnel
Shoals:3: cheibrodos_shoals_satyrical_garden, layout_shoals, abandoned_shop
Shoals:4: shoals_end_grunt_garden, layout_shoals,
          nicolae_shoals_abyss_on_the_beach
Snake:1:  layout_gridlike, nicolae_shop_overcharged_wands, grunt_megastairs_3,
          minmay_shop_grove
Snake:2:  layout_cave_pods
Snake:3:  layout_layer_cave, serial_shops, shop, grunt_ministairs_7,
          nicolae_snake_snake_lake, nicolae_shop_vocational, uniq_asterion
Snake:4:  hellmonk_snake_rune_quicksilver_temple, layout_misc_corridors,
          lemuel_fruit_tree
Orc:1:    layout_caves, lightli_orcish_oven, uniq_sonja
Orc:2:    grunt_orc_cross, layout_caves, lightli_volcano_entry_magma_tube,
          uniq_jorgrun
Elf:1:    minmay_elf_arrival_plus, layout_loops_corners,
          portal_ice_cave_entry_ice_simulacra, serial_shops,
          nicolae_diamond_shop, hangedman_elven_crosses_minicolossus
Elf:2:    elven_hall_of_blades_hangedman_alternative
          [nicolae_blade_entry_area_security], layout_loops_cross,
          hangedman_summoners_spam, uniq_zenata
Elf:3:    minmay_elf_hall, layout_geoelf_octagon
Vaults:1: v_alt_pattern_4, vaults_mumra_hexcomb, v_misc_2, v_alt_pattern_4,
          ontoclasm_vaults_shuriken, v_misc_27, ontoclasm_vaults_pinch,
          nicolae_vaults_little_squares_4, nicolae_vaults_network_star,
          v_alt_pattern_5, grunt_vaults_funnel, ontoclasm_vaults_ligature,
          layout_vaults_omnicross, serial_shops, shop
Vaults:2: v_misc_25, v_pattern_1, minmay_crypt_entry_nasty_monster,
          nicolae_vaults_alarming, vaults_room_octagon,
          hangedman_vaults_variations, nicolae_vaults_network_periphery,
          hangedman_vaults_pinch, nicolae_vaults_stairing_the_circle, v_misc_17,
          v_alt_pattern_4, layout_vaults_maze, serial_shops,
          nicolae_lakefront_shop
Vaults:3: ontoclasm_vaults_ring_large, nicolae_vaults_little_squares_2,
          ontoclasm_vaults_eye, nicolae_vaults_circle_grid_a,
          grunt_vaults_twisty, vaults_room_corners, ontoclasm_vaults_chip,
          layout_vaults_omnigrid, serial_shops, shop, uniq_nikola

Skill      XL: |  1  2  3  4  5  6  7  8  9 10 11 12 13 14 15 16 17 18 |
---------------+-------------------------------------------------------+-----
Summonings     | 5 6 7 8 9 10 16 15 20 17 | 20.0
Spellcasting   | 3 5 6 8 9 10 13 14 | 14.5
Dodging        | 3 4 5 7 8 10 12 14 17 19 | 19.1
Hexes          | 2 3 4 5 6 |  6.0
Fighting       | 1 2 3 4 5 7 9 11 13 14 | 14.8
Air Magic      | 6 7 15 16 | 16.0
Transmutations | 11 16 | 16.0
Translocations | 10 12 | 12.0
Stealth        | |  2.6

Action                   |  1- 3 |  4- 6 |  7- 9 | 10-12 | 13-15 | 16-18 || total
-------------------------+-------+-------+-------+-------+-------+-------++-------
Melee: Unarmed           |     1 |       |     6 |    14 |    32 |   433 ||   486
       Bite              |       |       |     2 |     3 |     6 |    38 ||    49
       Punch             |       |       |       |       |     1 |    14 ||    15
       Tailslap          |       |       |       |       |       |    37 ||    37
 Cast: Summon Small Mamm |    92 |    18 |     4 |       |       |     1 ||   115
       Call Canine Famil |     3 |    21 |    65 |    83 |   126 |       ||   298
       Summon Guardian G |       |     5 |    46 |    85 |   133 |       ||   269
       Summon Lightning  |       |       |     3 |    92 |   187 |     3 ||   285
       Summon Cactus Gia |       |       |       |       |   120 |   132 ||   252
       Summon Hydra      |       |       |       |       |    98 |   487 ||   585
       Dragon Form       |       |       |       |       |       |    80 ||    80
       Storm Form        |       |       |       |       |       |   119 ||   119
       Summon Mana Viper |       |       |       |       |       |    26 ||    26
       Summon Forest     |       |       |       |       |       |    28 ||    28
       Monstrous Menager |       |       |       |       |       |     4 ||     4
       Malign Gateway    |       |       |       |       |       |     1 ||     1
Invok: Call Merchant     |       |       |       |     1 |     3 |     2 ||     6
 Abil: Breathe Fire      |       |       |       |       |       |    14 ||    14
       Blinkbolt         |       |       |       |       |       |    17 ||    17
Evoke: Wand              |       |       |       |    11 |     2 |       ||    13
  Use: Scroll            |       |       |     6 |     9 |    13 |    14 ||    42
       Potion            |       |       |       |       |       |     2 ||     2
 Stab: Distracted        |       |       |       |       |     2 |     8 ||    10
       Sleeping          |       |       |       |       |       |     1 ||     1
Armor: Skin              |       |       |     1 |     4 |    15 |   147 ||   167
Dodge: Dodged            |     7 |     6 |    73 |   132 |   387 |  1009 ||  1614
